 Dungeon Crawl Stone Soup version 0.30-a0-570-g486de37d69 (webtiles) character file.

Game seed: 10218460550470953456

106495 Ijustatesigmund the Severer (level 16, -7/157 HPs)
             Began as a Hill Orc Fighter on Dec 29, 2022.
             Was an Elder of Uskayaw.
             Killed by mirror damage (27 damage)
             ... on level 15 of the Dungeon.
             The game lasted 00:32:20 (24956 turns).

Ijustatesigmund the Severer (Hill Orc Fighter)     Turns: 24956, Time: 00:32:21

Health: -7/157     AC: 25    Str: 25      XL:     16   Next: 44%
Magic:  28/28      EV: 10    Int: 12 (13) God:    Uskayaw [****..]
Gold:   1116       SH:  5    Dex: 12      Spells: 15/15 levels left

rFire   + . .      SeeInvis .    W - +8 frozen axe "Frostbite" {freezing cloud, *Noise Fly rC+}
rCold   + + .      Faith    .    (shield currently unavailable)
rNeg    . . .      Spirit   .    b - +3 chain mail
rPois   +          Reflect  +    u - +2 helmet "Luesal" {rC+}
rElec   .          Harm     .    g - +1 cloak {rPois}
rCorr   +          Rampage  .    d - +1 pair of gloves
Will    .....                    p - +1 pair of boots Stlth
                                 V - amulet "Bafyryw" {Reflect Will- rCorr Int+5 Slay+3 SH+5}
HPRegen 0.46/turn                n - ring of wizardry
MPRegen 0.21/turn                C - ring of protection from fire

@: flying
A: no striking features
a: Renounce Religion, Stomp, Line Pass


You were on level 15 of the Dungeon.
You worshipped Uskayaw.
Uskayaw was most pleased with you.
You visited 4 branches of the dungeon, and saw 23 of its levels.
You also visited: Ice Cave.

You collected 3379 gold pieces.
You spent 2263 gold pieces at shops.

Inventory:

Hand Weapons
 a - a +4 broad axe of electrocution
 v - the +6 hand axe of the Grave {heavy, Dex+3 SInv}
   (You found it in an ice cave)

   It deals dramatically more damage, but attacks with it are much slower.
   Dex:       It affects your dexterity (+3).
   SInv:      It lets you see invisible.
 B - a +2 heavy flail
 K - a +1 broad axe of freezing
 W - the +8 frozen axe "Frostbite" (weapon) {freezing cloud, *Noise Fly rC+}
   (You bought it in a shop on level 2 of the Orcish Mines)

   It freezes those it strikes, dealing additional cold damage.
   It can also slow down cold-blooded creatures.
   It occasionally leaves clouds of freezing vapour upon striking a foe.
   It grants immunity to clouds of freezing vapour.
   rC:        It protects you from cold.
   Fly:       It grants you flight.
   *Noise:    It may make noises in combat.
Missiles
 T - 2 throwing nets (quivered)
Armour
 b - a +3 chain mail (worn)
 c - a +3 buckler of reflection
 d - a +1 pair of gloves (worn)
 g - a +1 cloak of poison resistance (worn)
 p - a +1 pair of boots (worn)
 u - the +2 helmet "Luesal" (worn) {rC+}
   (You bought it in a shop on level 9 of the Dungeon)

   rC:        It protects you from cold.
 Y - +0 ice dragon scales
Jewellery
 i - a ring of positive energy
 n - a ring of wizardry (left hand)
 t - a +6 ring of strength
 C - a ring of protection from fire (right hand)
 E - a ring of ice
 I - an amulet of faith
 Q - a +6 ring of strength
 S - a +6 ring of dexterity
 V - the amulet "Bafyryw" (around neck) {Reflect Will- rCorr Int+5 Slay+3 SH+5}
   (You bought it in a shop on level 2 of the Orcish Mines)

   [amulet of reflection]

   It reflects blocked missile attacks.
   Int:       It affects your intelligence (+5).
   Slay:      It affects your accuracy & damage with ranged weapons and melee
   (+3).
   rCorr:     It protects you from acid and corrosion.
   SH:        It affects your SH (+5).
   Will:      It decreases your willpower.
 X - a ring of protection from fire
Wands
 x - a wand of polymorph (8)
 D - a wand of charming (24)
 F - a wand of light (14)
 H - a wand of flame (37)
 J - a wand of iceblast (10)
Scrolls
 e - 3 scrolls of noise
 f - 8 scrolls of poison
 l - 2 scrolls of fog
 q - 5 scrolls of identify
 s - 3 scrolls of immolation
 w - 3 scrolls of blinking
 y - 8 scrolls of teleportation
 A - 5 scrolls of magic mapping
 L - 3 scrolls of amnesia
 M - a scroll of fear
 N - a scroll of butterflies
 O - a scroll of torment
 U - a scroll of enchant armour
Potions
 h - 6 potions of curing
 j - 7 potions of mutation
 k - 4 potions of attraction
 m - a potion of ambrosia
 o - 3 potions of might
 r - 6 potions of lignification
 z - 4 potions of flight
 G - 2 potions of magic
 P - a potion of brilliance
 R - 2 potions of heal wounds
 Z - a potion of resistance


   Skills:
 + Level 18.0 Fighting
 + Level 19.3 Axes
 - Level 9.5 Armour
 - Level 6.0 Dodging
 - Level 6.9 Shields
 + Level 17.9 Invocations
 + Level 8.3 Evocations


You had 15 spell levels left.
You didn't know any spells.
Your spell library contained the following spells:

 Spells                   Type           Power      Damage    Failure   Level
 Sandblast                Erth           0%         2d4       52%         1
 Slow                     Hex            0%         N/A       52%         1
 Passwall                 Tmut/Erth      0%         N/A       67%         2
 Confusing Touch          Hex            0%         N/A       87%         3
 Gell's Gravitas          Tloc           0%         N/A       87%         3
 Ignite Poison            Fire/Tmut/Pois 0%         N/A       87%         3
 Inner Flame              Hex/Fire       0%         N/A       87%         3
 Kindle Blastsparks       Fire/Tloc/Air  0%         2d10      87%         3
 Lesser Beckoning         Tloc           0%         N/A       87%         3
 Stone Arrow              Conj/Erth      0%         3d7       87%         3
 Teleport Other           Tloc           0%         N/A       87%         3
 Vampiric Draining        Necr           0%         2d6       87%         3
 Cause Fear               Hex            0%         N/A       99%         4
 Dispel Undead            Necr           0%         3d6       99%         4
 Flame Wave               Conj/Fire      0%         2d4       99%         4
 Sticky Flame             Conj/Fire      0%         2d3       99%         4
 Freezing Cloud           Conj/Ice/Air   0%         6-21      100%        5
 Silence                  Hex/Air        0%         N/A       100%        5
 Dragon Form              Tmut           0%         N/A       100%        7
 Maxwell's Capacitive Co  Air            0%         ∞         100%        8
 Dragon's Call            Summ           0%         N/A       100%        9


Dungeon Overview and Level Annotations

Branches:
Dungeon (15/15)            Temple (1/1) D:5            Lair (5/5) D:11
 Shoals (0/4) Lair:2        Snake (0/4) Lair:3        Slime (0/5) Lair:5
    Orc (2/2) D:11            Elf (0/3) Orc:2        Vaults (0/5) D:13
  IceCv (visited)
 Depths: D:15

Altars:
Ashenzari
Cheibriados
Dithmenos
Elyvilon
Fedhas
Gozag
Hepliaklqana
Kikubaaqudgha
Makhleb
Nemelex Xobeh
Okawaru
Qazlal
Ru
Sif Muna
Trog
Uskayaw
Vehumet
Wu Jian
Xom
Yredelemnul
Zin
The Shining One
Beogh

Shops:
D:4 *   D:9 [   Orc:2 =!?(


Message History

You slice the freezing wraith!!
You destroy the freezing wraith!
The skeletal warrior barely misses you.
The death knight hits you but does no damage.
You writhe in agony!
The skeletal warrior hits you with a +0 glaive!
The death knight barely misses you.
You are too injured to fight recklessly!
You are too injured to fight recklessly!
You are too injured to fight recklessly!
You are too injured to fight recklessly!
You are too injured to fight recklessly!
You are too injured to fight recklessly!
You are too injured to fight recklessly!
You are too injured to fight recklessly!
You are too injured to fight recklessly!
You are too injured to fight recklessly!
You are too injured to fight recklessly!
You are too injured to fight recklessly!
You are too injured to fight recklessly!
You are too injured to fight recklessly!
You are too injured to fight recklessly!
You are too injured to fight recklessly!
You are too injured to fight recklessly!
You are too injured to fight recklessly!
You barely miss the skeletal warrior. You slice the death knight!!
You freeze the death knight!
The death knight reflects your damage back at you!
The skeletal warrior hits you with a +0 glaive!
The death knight hits you with a +4 halberd of pain!!
* * * LOW HITPOINT WARNING * * *
You writhe in agony!
* * * LOW HITPOINT WARNING * * *
Uskayaw will force your foes to share their pain.
Uskayaw links your audience in an emotional bond!
You slice the skeletal warrior!! You freeze the skeletal warrior.
The skeletal warrior is heavily damaged.
You slash the death knight! You freeze the death knight.
The death knight reflects your damage back at you!
You die...

## +.###### #
#......$## ##.#
.....#.!# ##...#
... #.##...#.# .
...###p##....#
#.#.#
#....z@.#..###....#
#.#..##.#..##...#
#... ##.........#
##. #......##.##
###.....<####....#
......####.......#
........#.#
#.####..# ####
..........####.#
#..## #...
#.#.........##..#
#...####..(


You could see a death knight (reflects damage, pain bonded) and a skeletal
warrior (pain bonded).

Vanquished Creatures
  Jorgrun (D:13)
  Rupert (Lair:3)
  A frost giant (D:14)
  An orc warlord (Orc:2)
  Josephine (D:13)
  A vault guard (D:13)
  3 hydras
  An ice dragon (D:14)
  A catoblepas (D:13)
  4 centaur warriors
  6 boulder beetles
  2 tengu warriors
  12 two-headed ogres
  An orc high priest (Orc:2)
  9 death yaks
  Nergalle (D:11)
  Sonja (D:13)
  4 skeletal warriors (D:14)
  A goliath frog (Lair:5)
  An orange crystal statue (D:15)
  A lindwurm (Lair:5)
  A phantasmal warrior (D:15)
  A deep elf pyromancer (D:15)
  Pikel (D:6)
  7 orc knights
  5 orc sorcerers
  16 ugly things
  7 cyclopes
  An oklob plant (Lair:3)
  Maurice (Orc:2)
  3 manticores
  3 ice statues
  Joseph (D:8)
  6 black mambas
  16 elephants
  25 cane toads
  A rime drake (shapeshifter) (D:11)
  2 unseen horrors
  8 komodo dragons
  3 freezing wraiths
  3 tengu conjurers
  3 rime drakes
  An efreet (D:13)
  10 trolls
  A burning bush (Lair:2)
  A queen bee (shapeshifter) (D:13)
  2 polar bears
  4 tyrant leeches (Lair:5)
  A hornet (Lair:3)
  Grinder (D:3)
  3 slime creatures (D:13)
  4 saltlings (Orc:2)
  28 blink frogs
  Sigmund (D:2)
  2 spriggans (shapeshifter) (D:13)
  51 yaks
  A shadow (D:11)
  6 wraiths
  3 water elementals (D:14)
  4 wyverns
  3 steam dragons
  A basilisk (Lair:3)
  7 vampire mosquitoes
  Eustachio (D:5)
  Menkaure (D:5)
  A death yak simulacrum (IceCv)
  6 wargs
  13 water moccasins
  Edmund (D:6)
  2 acid dragons
  A hydra simulacrum (IceCv)
  17 ice beasts (D:14)
  4 black bears
  17 orc warriors
  2 sky beasts
  6 wolves
  4 ogres
  11 centaurs
  4 lemures (D:6)
  A phantom (D:4)
  A kobold brigand (D:8)
  Blork the orc (D:6)
  17 bullfrogs
  2 necrophages
  3 scorpions
  2 cane toad simulacra (IceCv)
  15 wights
  21 killer bees
  7 electric eels (D:14)
  3 howler monkeys (D:13)
  9 orc priests
  Crazy Yiuf (D:7)
  14 jellies
  A gnoll bouda (D:7)
  3 hounds
  2 iguanas
  9 orc wizards
  A wolf simulacrum (IceCv)
  8 gnolls
  4 adders
  A white imp (D:6)
  4 worms
  A dart slug (D:3)
  53 orcs
  8 ball pythons
  5 endoplasms
  3 hobgoblins
  17 jackals
  6 kobolds
  2 quokkas
  4 bats
  3 frilled lizards
  5 goblins
  6 rats
  A bush (Lair:3)
  A pillar of salt (Orc:2)
639 creatures vanquished.

Vanquished Creatures (collateral kills)
  A hydra (Lair:2)
  A yak (Lair:2)
2 creatures vanquished.

Vanquished Creatures (others)
  2 water elementals (D:14)
  3 orcs
  56 fungi
  110 plants
171 creatures vanquished.

Grand Total: 812 creatures vanquished

Notes
Turn   | Place    | Note
-------+----------+-------------------------------------------
     0 | D:1      | Ijustatesigmund the Hill Orc Fighter began the quest for
                  | the Orb.
     0 | D:1      | Reached XP level 1. HP: 19/19 MP: 1/1
   418 | D:1      | Reached skill level 3 in Axes
   566 | D:1      | Reached XP level 2. HP: 26/27 MP: 2/2
  1196 | D:2      | Reached XP level 3. HP: 4/34 MP: 3/3
  1392 | D:2      | Reached skill level 4 in Axes
  1615 | D:2      | Noticed Sigmund
  1630 | D:2      | Killed Sigmund
  1631 | D:2      | Reached skill level 5 in Fighting
  1631 | D:2      | Reached skill level 5 in Axes
  1631 | D:2      | Reached XP level 4. HP: 24/44 MP: 4/4
  1631 | D:2      | Reached XP level 5. HP: 27/50 MP: 5/5
  2065 | D:3      | Reached XP level 6. HP: 57/57 MP: 6/6
  2074 | D:3      | Noticed Grinder
  2075 | D:3      | Paralysed by Grinder for 5 turns
  2082 | D:3      | Killed Grinder
  2083 | D:3      | Reached skill level 6 in Axes
  2470 | D:3      | Reached XP level 7. HP: 64/64 MP: 7/7
  2582 | D:3      | Identified 2 scrolls of acquirement
  2589 | D:3      | Acquired a +2 buckler of reflection
  2601 | D:3      | Acquired a +2 broad axe of electrocution
  3254 | D:4      | Reached skill level 7 in Axes
  3315 | D:4      | Got the Monograph on the Zephyr and Stolen Souls
  3390 | D:4      | Found Eramial's Elemental Accessories.
  3791 | D:5      | Entered Level 5 of the Dungeon
  3797 | D:5      | Reached skill level 5 in Armour
  3933 | D:5      | Found a staircase to the Ecumenical Temple.
  3958 | D:5      | Reached XP level 8. HP: 73/73 MP: 8/8
  3960 | Temple   | Entered the Ecumenical Temple
  4013 | Temple   | Became a worshipper of Uskayaw the Reveller
  4117 | D:5      | Reached * piety under Uskayaw
  4120 | D:5      | Reached skill level 1 in Invocations
  4120 | D:5      | Reached ** piety under Uskayaw
  4124 | D:5      | Reached *** piety under Uskayaw
  4202 | D:5      | Noticed Eustachio
  4213 | D:5      | Killed Eustachio
  4214 | D:5      | Reached skill level 8 in Axes
  4491 | D:5      | Noticed Menkaure
  4496 | D:5      | Killed Menkaure
  4992 | D:6      | Noticed Pikel
  5001 | D:6      | Reached **** piety under Uskayaw
  5006 | D:6      | Killed Pikel
  5007 | D:6      | Reached skill level 9 in Axes
  5007 | D:6      | Reached XP level 9. HP: 62/82 MP: 8/12
  5278 | D:6      | Noticed Blork the orc
  5288 | D:6      | Killed Blork the orc
  5493 | D:6      | Noticed Edmund
  5494 | D:6      | Killed Edmund
  5495 | D:6      | Reached skill level 5 in Invocations
  6223 | D:7      | Reached skill level 10 in Axes
  6457 | D:7      | Found a runed translucent door.
  6458 | D:7      | Noticed Crazy Yiuf
  6463 | D:7      | Killed Crazy Yiuf
  6760 | D:8      | Reached XP level 10. HP: 87/93 MP: 15/15
  6767 | D:8      | Reached skill level 10 in Fighting
  7032 | D:8      | Noticed Joseph
  7042 | D:8      | Killed Joseph
  7043 | D:8      | Reached ***** piety under Uskayaw
  7223 | D:8      | Reached skill level 11 in Axes
  7327 | D:8      | Noticed a two-headed ogre
  7329 | D:8      | Killed a two-headed ogre
  8170 | D:9      | Found a shimmering altar of Xom.
  8307 | D:9      | Found Ozorchuo's Antique Armour Shoppe.
  8310 | D:9      | Bought a heavily runed helmet for 323 gold pieces
  8310 | D:9      | Identified the +2 helmet "Luesal" {rC+} (You bought it in a
                  | shop on level 9 of the Dungeon)
  8341 | D:9      | Noticed a two-headed ogre
  8358 | D:9      | Killed a two-headed ogre
  8359 | D:9      | Reached XP level 11. HP: 34/102 MP: 17/17
  8889 | D:9      | Reached skill level 12 in Axes
  8944 | D:9      | Found a glowing silver altar of Zin.
  8959 | D:9      | Found a sacrificial altar of Ru.
  9019 | D:9      | Found a basalt altar of Yredelemnul.
  9109 | D:9      | Found an ornate altar of the Wu Jian Council.
  9246 | D:10     | Entered Level 10 of the Dungeon
  9296 | D:10     | Noticed a two-headed ogre
  9303 | D:10     | Killed a two-headed ogre
  9500 | D:10     | Found a white marble altar of Elyvilon.
 10155 | D:10     | Found an ancient bone altar of Kikubaaqudgha.
 10174 | D:10     | Noticed a two-headed ogre
 10179 | D:10     | Killed a two-headed ogre
 10180 | D:10     | Reached skill level 10 in Invocations
 10328 | D:11     | Noticed a two-headed ogre
 10337 | D:11     | Killed a two-headed ogre
 10338 | D:11     | Reached skill level 5 in Shields
 10503 | D:11     | Reached skill level 13 in Axes
 10588 | D:11     | Noticed a boulder beetle
 10590 | D:11     | Noticed a purple ugly thing
 10599 | D:11     | Killed a boulder beetle
 10601 | D:11     | Killed a purple ugly thing
 10648 | D:11     | Reached XP level 12. HP: 97/113 MP: 20/20
 10700 | D:11     | Found a staircase to the Orcish Mines.
 10703 | D:11     | Noticed a boulder beetle
 10710 | D:11     | Noticed a two-headed ogre
 10713 | D:11     | Killed a boulder beetle
 10720 | D:11     | Killed a two-headed ogre
 10727 | D:11     | Reached ****** piety under Uskayaw
 10894 | D:11     | Noticed Nergalle
 10908 | D:11     | Killed Nergalle
 11087 | D:11     | Found a staircase to the Lair.
 11610 | D:12     | Noticed a tengu warrior
 11618 | D:12     | Killed a tengu warrior
 11704 | D:12     | Noticed a boulder beetle
 11723 | D:12     | Killed a boulder beetle
 11724 | D:12     | Reached skill level 14 in Axes
 11724 | D:12     | Reached skill level 1 in Dodging
 11776 | D:12     | Noticed a two-headed ogre
 11782 | D:12     | Killed a two-headed ogre
 11820 | D:13     | Noticed Sonja
 11827 | D:13     | Noticed a tengu warrior
 11835 | D:13     | Killed Sonja
 11837 | D:13     | Killed a tengu warrior
 11858 | D:13     | Found a frozen archway.
 11868 | IceCv    | Entered an ice cave
 12096 | IceCv    | Found a transporter.
 12111 | IceCv    | Found a transporter.
 12151 | IceCv    | Identified the +6 hand axe of the Grave {heavy, Dex+3 SInv}
 12265 | D:13     | Noticed Josephine
 12273 | D:13     | Killed Josephine
 12274 | D:13     | Reached XP level 13. HP: 101/123 MP: 22/22
 12427 | D:13     | Noticed Jorgrun
 12454 | D:13     | Noticed a vault guard
 12459 | D:13     | Reached skill level 15 in Axes
 12977 | D:13     | Killed Jorgrun
 13280 | D:13     | Killed a vault guard
 13556 | D:13     | Found a gate to the Vaults.
 13644 | Lair:1   | Entered Level 1 of the Lair of Beasts
 14187 | Lair:1   | Reached skill level 5 in Dodging
 14506 | Lair:2   | Found a staircase to the Shoals.
 14881 | Lair:2   | Reached skill level 15 in Fighting
 14881 | Lair:2   | Reached skill level 16 in Axes
 15723 | Lair:3   | Noticed Rupert
 15725 | Lair:3   | Reached XP level 14. HP: 135/135 MP: 24/24
 15736 | Lair:3   | Killed Rupert
 15992 | Lair:2   | Acquired 1033 gold pieces
 16879 | Lair:3   | Found a staircase to the Snake Pit.
 17352 | Lair:3   | Identified the +8 hand axe "Cesch" {speed, Drain +Blink
                  | rElec Int+4}
 17435 | Lair:3   | Reached skill level 1 in Evocations
 17675 | Lair:4   | Reached skill level 15 in Invocations
 17861 | Lair:4   | Reached skill level 17 in Axes
 18576 | Lair:5   | Entered Level 5 of the Lair of Beasts
 18802 | Lair:5   | Reached XP level 15. HP: 85/145 MP: 26/26
 19256 | Lair:5   | Reached skill level 5 in Evocations
 19817 | Lair:5   | Found a staircase to the Slime Pits.
 20049 | Lair:5   | Reached skill level 18 in Axes
 20618 | Orc:1    | Entered Level 1 of the Orcish Mines
 20932 | Orc:2    | Entered Level 2 of the Orcish Mines
 20932 | Orc:2    | Found a staircase to the Elven Halls.
 20971 | Orc:2    | Noticed Maurice
 20982 | Orc:2    | Killed Maurice
 21025 | Orc:2    | Found a roughly hewn altar of Beogh.
 21296 | Orc:2    | Found a roughly hewn altar of Beogh.
 21507 | Orc:2    | Paralysed by an orc sorcerer for 5 turns
 21657 | Orc:2    | Noticed an orc warlord
 21668 | Orc:2    | Found Caolurir's Distillery.
 21672 | Orc:2    | Killed an orc warlord
 21673 | Orc:2    | Found a roughly hewn altar of Beogh.
 21676 | Orc:2    | Found Lieb's Magic Scroll Shop.
 21877 | Orc:2    | Bought a potion of heal wounds for 85 gold pieces
 21877 | Orc:2    | Bought a potion of might for 68 gold pieces
 22045 | Orc:2    | Found Jazolant's Jewellery Emporium.
 22051 | Orc:2    | Bought the amulet "Bafyryw" {Reflect Will- rCorr Int+5
                  | Slay+3 SH+5} for 799 gold pieces
 22181 | Orc:2    | Paralysed by an orc sorcerer for 3 turns
 22321 | Orc:2    | Found Wyqinuad's Weapon Boutique.
 22416 | Orc:2    | Bought the +8 frozen axe "Frostbite" {freezing cloud,
                  | *Noise Fly rC+} for 988 gold pieces
 22416 | Orc:2    | Found the +8 frozen axe "Frostbite" {freezing cloud, *Noise
                  | Fly rC+}
 22668 | D:14     | Reached XP level 16. HP: 68/155 MP: 28/28
 23316 | D:14     | Reached skill level 19 in Axes
 24698 | D:15     | Entered Level 15 of the Dungeon
 24956 | D:15     | Killed by mirror damage

Illustrated notes

Levels and vault maps discovered:
D:1:      dpeg_arrival_round_a, layout_loops_corners
D:2:      layout_basic, uniq_sigmund
D:3:      layout_loops_corners, kennysheep_path_1, kennysheep_generic_room_10,
          uniq_grinder
D:4:      layout_basic, minivault_23, minmay_misc_feat_rugged,
          grunt_ministairs_2, hangedman_abyss_or_decor_passed, hex_medium,
          nicolae_elemental_shop
D:5:      wad_crossroads, layout_gridville, temple_statues, uniq_eustachio,
          uniq_menkaure
D:6:      layout_gridville, uniq_edmund, uniq_blork_the_orc, uniq_pikel
D:7:      layout_gridville, kennysheep_generic_room_4, uniq_crazy_yiuf_cottage
D:8:      layout_basic, uniq_joseph
D:9:      layout_rooms, nicolae_overflow_hidden_temple,
          nicolae_overflow_quartered_altars, serial_shops,
          nicolae_shop_behind_doors
D:10:     layout_cave_pods, kiku_gazebo_pond_becter, kennysheep_mini
D:11:     layout_loops_ring, grunt_lair_entry_orc_guard_hut, david_orc_1_choice,
          uniq_nergalle
D:12:     layout_roguey
D:13:     layout_basic, david_vaults_4, portal_ice_cave_entry_pillars_2,
          uniq_sonja, uniq_jorgrun, uniq_josephine
D:14:     minmay_twisted_water, layout_basic
D:15:     gammafunk_enter_depths_forms, layout_rooms, serial_bayou_ford_a,
          minivault_16
Temple:   eino_wide_crystal_templ
Lair:1:   layout_layer_cave, st_stairs_5, minmay_stone_trees_small,
          infiniplex_staircase_pool_2, grunt_megastairs_4
Lair:2:   layout_cave_pods, elwin_shoals_entry_rocks, evilmike_ambush
          [evilmike_ambush_outer_corners, evilmike_ambush_inner_pond],
          grunt_megastairs_3
Lair:3:   layout_loops_ring, minmay_snake_entry_six_corridors,
          minmay_lair_oklob_bushes, st_stairs_4, uniq_rupert
Lair:4:   layout_regular_city, grunt_megastairs_2
Lair:5:   minmay_lair_end_frog_pond, layout_regular_city,
          minmay_slime_entry_jelly_boxes
Orc:1:    layout_caves
Orc:2:    hellmonk_orc_salted, layout_caves, basic_altar, mines2_david,
          uniq_maurice

Skill      XL: |  1  2  3  4  5  6  7  8  9 10 11 12 13 14 15 16 |
---------------+-------------------------------------------------+-----
Axes           | 3 5 6 7 9 10 11 13 14 16 17 18 19 | 19.3
Fighting       | 4 5 6 7 8 9 11 12 13 15 16 17 18 | 18.0
Armour         | 4 5 6 7 9 |  9.5
Invocations    | 4 6 9 10 12 14 15 17 | 17.9
Shields        | 6 |  6.9
Dodging        | 3 5 6 |  6.0
Evocations     | 4 7 8 |  8.3

Action                   |  1- 3 |  4- 6 |  7- 9 | 10-12 | 13-15 | 16-18 || total
-------------------------+-------+-------+-------+-------+-------+-------++-------
Melee: War axe           |    85 |    29 |       |       |       |       ||   114
       Broad axe         |       |       |   194 |   383 |   781 |       ||  1358
       Flail             |       |       |       |       |     4 |       ||     4
       Executioner's axe |       |       |       |       |    51 |   112 ||   163
Invok: Stomp             |       |       |     1 |     2 |     3 |       ||     6
       Grand Finale      |       |       |       |       |     2 |       ||     2
Evoke: Wand              |       |       |       |       |     4 |       ||     4
  Use: Scroll            |     9 |       |    16 |     8 |    11 |     4 ||    48
       Potion            |     2 |     1 |     1 |     5 |     3 |     2 ||    14
 Stab: Paralysed         |       |       |    10 |    49 |   147 |    20 ||   226
       Invisible         |       |       |       |     3 |       |       ||     3
       Distracted        |       |       |       |     1 |       |       ||     1
Armor: Scale mail        |    46 |     9 |       |       |       |       ||    55
       Plate armour      |       |     2 |   110 |   270 |   406 |       ||   788
       Chain mail        |       |       |       |       |    46 |    95 ||   141
Dodge: Dodged            |    39 |     5 |    53 |   116 |   216 |    55 ||   484
Block: Buckler           |    21 |    11 |    80 |   154 |   258 |       ||   524
       Reflection        |       |       |       |     5 |     5 |     8 ||    18
       Other             |       |       |       |       |     4 |    28 ||    32

Table legend: (Time is in decaauts)
 A = Elapsed time spent in this place.
 B = Non-inter-level travel time spent in this place.
 C = Inter-level travel time spent in this place.
 D = Time resting spent in this place.
 E = Time spent auto-exploring this place.
 F = Levels seen in this place.
 G = Mean time per level.
                   A        B        C        D        E       F      G
               +--------+--------+--------+--------+--------+-----+--------+
         Total |  24902 |  23955 |    947 |   3199 |  17401 |  24 | 1037.6 |
       Dungeon |  15852 |  15237 |    615 |   2029 |  11118 |  15 | 1056.8 |
        Temple |     72 |     43 |     29 |      0 |     30 |   1 |   72.0 |
          Lair |   6852 |   6623 |    229 |    830 |   4906 |   5 | 1370.4 |
  Orcish Mines |   1833 |   1759 |     74 |    133 |   1346 |   2 |  916.5 |
      Ice Cave |    292 |    292 |      0 |    207 |      1 |   1 |  292.0 |
               +--------+--------+--------+--------+--------+-----+--------+

Top non-repeatable levels by time:
  Lair:5: 1875 daAuts
    D:13: 1716 daAuts
  Lair:3: 1651 daAuts
    D:14: 1623 daAuts
  Lair:2: 1463 daAuts
     D:8: 1406 daAuts
   Orc:2: 1325 daAuts
    D:11: 1244 daAuts
     D:9: 1140 daAuts
     D:2: 1134 daAuts
     D:5: 1127 daAuts
     D:3: 1106 daAuts
    D:10: 1077 daAuts
  Lair:4: 988 daAuts
     D:1: 956 daAuts
